 Dungeon Crawl Stone Soup version 0.24.1-4-ge52af88ad5 (webtiles) character file.

Game seed: 4731554708016421737, levelgen mode: deterministic

324 MajorAdolf the Ruffian (level 6, 0/52 HPs)
             Began as a Naga Wanderer on Apr 12, 2020.
             Killed from afar by Grinder (4 damage)
             ... with a puff of flame
             ... in a sewer.
             The game lasted 00:07:58 (3761 turns).

MajorAdolf the Ruffian (Naga Wanderer)              Turns: 3761, Time: 00:07:59

Health: 0/52       AC:  7    Str: 18    XL:     6   Next: 48%
Magic:  9/9        EV:  8    Int: 16    God:
Gold:   81         SH:  0    Dex: 10    Spells: 9/9 levels left

rFire    . . .     SeeInvis +     - Unarmed
rCold    . . .     Gourm    .   (no shield)
rNeg     . . .     Faith    .   h - +0 ring mail
rPois    +         Spirit   .   q - +1 helmet
rElec    .         Reflect  .   (no cloak)
rCorr    .         Harm     .   (no gloves)
MR       .....                  (no barding)
Stlth    +.........             (no amulet)
HPRegen  0.17/turn              (no ring)
MPRegen  0.11/turn              (no ring)

@: mighty, flying, invisible, very slow
A: large, see invisible, deformed body, sense surroundings 1, poison resistance,
slowness 2, slow metabolism 1, spit poison 1, subdued magic 1, MP-powered wands,
AC +2
a: Spit Poison


You were in a sewer.
You were not hungry.

You visited 1 branch of the dungeon, and saw 3 of its levels.
You also visited: Sewer.

You collected 81 gold pieces.

Inventory:

Armour
 g - a +0 chain mail
 h - a +0 ring mail (worn)
 q - a +1 helmet (worn)
Scrolls
 a - a scroll of identify
 o - 3 scrolls of fog
Potions
 l - a potion of invisibility
 m - a potion of haste {unknown}
 p - a potion of ambrosia {unknown}
Comestibles
 f - 2 rations


   Skills:
 - Level 2.0 Fighting
   Level 2.0 Long Blades
 + Level 2.3 Armour
 - Level 1.0 Dodging
 - Level 3.0 Stealth
 + Level 5.4 Unarmed Combat
 - Level 2.0 Spellcasting
   Level 1.0 Conjurations


You had 9 spell levels left.
You didn't know any spells.
Your spell library contained the following spells:

 Spells                   Type           Power        Failure   Level  Hunger
 Magic Dart               Conj           #...         21%         1    #......
 Blink                    Tloc           N/A          43%         2    ###....
 Call Imp                 Summ           #.......     43%         2    ###....
 Slow                     Hex            #.......     43%         2    ###....
 Conjure Flame            Conj/Fire      #.......     61%         3    ###....
 Mephitic Cloud           Conj/Pois/Air  #.......     63%         3    ###....


Dungeon Overview and Level Annotations

Branches:
Dungeon (3/15)              Sewer (1/1)

Altars:

Annotations:
Sewer Grinder


Innate Abilities, Weirdness & Mutations

You cannot wear boots.
Your serpentine skin is tough. (AC +2)
You have supernaturally acute eyesight. (SInv)
Armour fits poorly on your strangely shaped body.
Your system is resistant to poisons. (rPois)
You cover ground very slowly.
You have a slow metabolism.
You can spit poison.
You passively map a small area around you.
Your spells are a little easier to cast, but a little less powerful.
You expend magic power (3 MP) to strengthen your wands.


Message History

You closely miss Grinder. Grinder hits you.
* * * LOW HITPOINT WARNING * * *
You closely miss Grinder. Grinder hits you but does no damage.
You punch Grinder!
Grinder is moderately wounded.
Grinder hits you.
* * * LOW HITPOINT WARNING * * *
You writhe in agony.
* * * LOW HITPOINT WARNING * * *
You feel better. Grinder hits you.
* * * LOW HITPOINT WARNING * * *
You writhe in agony.
* * * LOW HITPOINT WARNING * * *
It was a potion of flight.
You feel very buoyant.
You fly up into the air.
Grinder hits you but does no damage.
It was a potion of invisibility.
You fade into invisibility!
Grinder zaps a wand.
The puff of flame hits you.
You die...

##.## ##...## #≈...≈#
#≈...≈# ########
#≈...≈##≈≈.+..≈≈≈≈≈
#≈...≈##≈≈.#.≈≈≈≈≈≈
#≈..)≈##≈..#.≈≈≈≈≈≈
#≈.(.≈##≈..#.≈≈≈≈≈≈
##@''###≈≈.#..≈≈≈≈≈ *
##.5...##≈≈.#....≈≈≈
≈#...⌠..###.####.###≈
,......'.⌠.....#...#≈≈.....
......'..._)⌠.'...≈≈≈≈....
5.....'.⌠.....#...#≈≈.....
≈≈≈≈≈≈#...⌠..###)####.#≈##
########.....##≈≈.#....≈≈≈
##+++###≈≈.#..≈≈≈≈≈


You could see Grinder.

Vanquished Creatures
  A big kobold (Sewer)
  A wight (Sewer)
  An orc wizard (D:3)
  A big kobold zombie (Sewer)
  4 adders
  4 shadow imps (Sewer)
  4 ufetubi (Sewer)
  2 oozes
  A worm (D:3)
  A leopard gecko (D:2)
  5 orcs (D:3)
  6 bats
  7 giant cockroaches
  3 goblins
  3 hobgoblins
  5 jackals (D:1)
  15 kobolds
  2 ball pythons
  5 frilled lizards
  3 kobold zombies (Sewer)
  9 rats
83 creatures vanquished.

Notes
Turn   | Place    | Note
-------+----------+-------------------------------------------
     0 | D:1      | MajorAdolf the Naga Wanderer began the quest for the Orb.
     0 | D:1      | MajorAdolf set off with the following items: a +0 falchion,
                  | a potion of curing, a +0 robe, a +0 dagger, a ration; and
                  | the following spell memorised: Magic Dart; and the
                  | following spells available to memorise: Blink, Call Imp,
                  | Slow, Conjure Flame, Mephitic Cloud
     0 | D:1      | Reached XP level 1. HP: 19/19 MP: 3/3
   329 | D:1      | Reached skill level 1 in Unarmed Combat
   469 | D:1      | Reached XP level 2. HP: 22/26 MP: 5/5
   737 | D:1      | Reached skill level 2 in Unarmed Combat
  1404 | D:1      | Reached XP level 3. HP: 32/32 MP: 6/6
  1748 | D:2      | Reached skill level 3 in Unarmed Combat
  2446 | D:2      | Reached XP level 4. HP: 37/39 MP: 7/7
  2570 | D:3      | Reached skill level 4 in Unarmed Combat
  2723 | D:3      | Reached XP level 5. HP: 30/45 MP: 8/8
  2812 | D:3      | Found a glowing drain.
  2816 | Sewer    | Entered a sewer
  2982 | Sewer    | Reached skill level 1 in Armour
  3254 | Sewer    | HP: 2/45 [shadow imp/nerve-wracking pain (14)]
  3547 | Sewer    | Found an ancient bone altar of Kikubaaqudgha.
  3551 | Sewer    | Gained mutation: Your spells are a little easier to cast,
                  | but a little less powerful. [potion of mutation]
  3551 | Sewer    | Gained mutation: You passively map a small area around you.
                  | [potion of mutation]
  3551 | Sewer    | Gained mutation: You expend magic power (3 MP) to
                  | strengthen your wands. [potion of mutation]
  3558 | Sewer    | Reached skill level 5 in Unarmed Combat
  3558 | Sewer    | Reached XP level 6. HP: 46/52 MP: 9/9
  3733 | Sewer    | Noticed Grinder
  3761 | Sewer    | Killed from afar by Grinder

Levels and vault maps discovered:
D:1:      lemuel_arrival_cross, layout_basic, minmay_circled_x
D:2:      layout_rooms
D:3:      layout_loops_ring, grunt_gozag_statues, old_standard_altar,
          gammafunk_temple_overflow_claw, gup_sewer_entry_bowl,
          skrybe_limestone_x
Sewer:    kennysheep_sewer_church

Skill      XL: |  1  2  3  4  5  6 |
---------------+-------------------+-----
Unarmed Combat | 1 2 3 4 5 |  5.4
Armour         | 1 2 |  2.3
Fighting       | |  2.0
Long Blades    | |  2.0
Dodging        | |  1.0
Stealth        | |  3.0
Spellcasting   | |  2.0
Conjurations   | |  1.0

Action                   |  1- 3 |  4- 6 || total
-------------------------+-------+-------++-------
Melee: Unarmed           |   116 |   218 ||   334
       Punch             |     1 |     2 ||     3
 Abil: Spit Poison       |    18 |     7 ||    25
  Use: Scroll            |       |     6 ||     6
       Potion            |       |     8 ||     8
 Stab: Sleeping          |     1 |       ||     1
       Distracted        |       |     1 ||     1
  Eat: Chunk             |     3 |     3 ||     6
       Ration            |       |     1 ||     1
Armor: Robe              |     2 |       ||     2
       Ring mail         |    43 |   108 ||   151
Dodge: Dodged            |    73 |    91 ||   164
